[ AOE2 MATCH · #484449440 ]
UnrankedKhitans vs Armenians
Player's team · LOSS
[ REPLAY ANALYSIS · EXTRACTED FROM THE RECORDED GAME ]
Feudal
8:52
Castle
24:15
Imperial
—
| APM avg | 61.5 |
| APM peak | 130 |
| eAPM avg | 19.3 |
| Villagers / military | 58 / 40 |
Focus
⚔️ 55.1% · 🌾 44.9%
Scout Cavalry ×30 · Steppe Lancer ×9 · Spearman ×1
Feudal
11:09
Castle
14:45
Imperial
—
| APM avg | 37.5 |
| APM peak | 96 |
| eAPM avg | 13.0 |
| Villagers / military | 54 / 35 |
Focus
⚔️ 26.1% · 🌾 73.9%
Conquistador ×32 · Mangonel ×2 · Monk ×1
Feudal
9:52
Castle
26:04
Imperial
—
| APM avg | 82.7 |
| APM peak | 132 |
| eAPM avg | 30.1 |
| Villagers / military | 74 / 35 |
Focus
⚔️ 31.7% · 🌾 68.3%
Spearman ×18 · Scout Cavalry ×17
Feudal
10:23
Castle
14:22
Imperial
—
| APM avg | 49.9 |
| APM peak | 90 |
| eAPM avg | 20.6 |
| Villagers / military | 51 / 40 |
Focus
⚔️ 43.1% · 🌾 56.9%
Arambai ×31 · Battering Ram ×4 · Mangonel ×3 · Monk ×2
Feudal
9:42
Castle
20:19
Imperial
—
| APM avg | 53.3 |
| APM peak | 85 |
| eAPM avg | 25.4 |
| Villagers / military | 69 / 6 |
Focus
⚔️ 38.1% · 🌾 61.9%
Scout Cavalry ×6 · Unknown (1974) ×6
Feudal
10:59
Castle
—
Imperial
—
| APM avg | 62.6 |
| APM peak | 86 |
| eAPM avg | 36.9 |
| Villagers / military | 50 / 22 |
Focus
⚔️ 15.5% · 🌾 84.5%
Archer ×22
Feudal
12:59
Castle
—
Imperial
—
| APM avg | 41.0 |
| APM peak | 76 |
| eAPM avg | 23.0 |
| Villagers / military | 50 / 6 |
Focus
⚔️ 36.0% · 🌾 64.0%
Militia ×6
Feudal
9:19
Castle
23:05
Imperial
—
| APM avg | 56.7 |
| APM peak | 106 |
| eAPM avg | 19.2 |
| Villagers / military | 51 / 48 |
Focus
⚔️ 33.3% · 🌾 66.7%
Archer ×47 · Mangonel ×1
Match map
Initial resources + every placement click. Lines = walls · curves = elevation contours. ◆ gold · ⬟ stone · ● berries · ✦ relic · ◌ wall gap
Your base· ✓ Closed at 24:15 · 30t walls · no gate
Tired Player's base· Open — 5t gap
Cinnamoroll's base· ✓ Closed at 26:04 · 24t walls · 2 gate(s)
Legend [LEG]'s base· ✓ Closed at 14:22 · 36t walls · 1 gate(s)
King Hotuiti's base· Open — unwalled flank
busy pushing deer's base· Open — unwalled flank
TRex's base· Open — unwalled flank
Avila1997's base· Open — 6t gap
Smoothed initial terrain · ◌ = detected wall gap · hover for details
Inputs per minute
— Cris_1z - - Tired Player
Build order — Cris_1z
First 150 of 155 actions detected
| 0:02 | Create | Villager (Male) ×4 |
| 0:02 | Create | Villager (Male) ×4 |
| 0:03 | Build | House |
| 0:05 | Build | House |
| 1:34 | Create | Villager (Male) |
| 2:03 | Create | Villager (Male) |
| 2:04 | Create | Villager (Male) |
| 2:29 | Create | Villager (Male) |
| 2:29 | Create | Villager (Male) |
| 2:35 | Build | Lumber Camp |
| 2:53 | Create | Villager (Male) |
| 2:53 | Create | Villager (Male) |
| 3:41 | Create | Villager (Male) |
| 3:42 | Create | Villager (Male) |
| 3:53 | Build | House |
| 4:27 | Create | Villager (Male) |
| 4:41 | Create | Villager (Male) |
| 4:42 | Create | Villager (Male) |
| 4:54 | Create | Villager (Male) |
| 4:55 | Research | Loom |
| 5:41 | Build | Mill |
| 6:35 | Research | Feudal Age |
| 6:35 | Research | Feudal Age |
| 8:09 | Create | Villager (Male) |
| 8:09 | Create | Villager (Male) |
| 8:39 | Build | Barracks |
| 8:52 | Age | Feudal Age |
| 8:59 | Build | House |
| 9:03 | Research | Double-Bit Axe |
| 9:15 | Build | Stable |
| 9:29 | Create | Villager (Male) |
| 9:34 | Create | Spearman |
| 9:50 | Create | Scout Cavalry |
| 9:50 | Create | Scout Cavalry |
| 9:51 | Create | Villager (Male) |
| 9:53 | Research | Tech 1014 |
| 10:12 | Build | House |
| 10:21 | Build | Pasture |
| 10:43 | Create | Scout Cavalry |
| 10:54 | Build | Pasture |
| 11:11 | Build | Pasture |
| 11:18 | Create | Villager (Male) |
| 11:25 | Build | House |
| 11:47 | Create | Scout Cavalry |
| 11:54 | Create | Villager (Male) |
| 11:54 | Create | Villager (Male) |
| 12:36 | Create | Scout Cavalry |
| 12:36 | Create | Villager (Male) |
| 12:40 | Build | Pasture |
| 12:42 | Build | Pasture |
| 13:09 | Create | Scout Cavalry |
| 13:09 | Create | Villager (Male) |
| 13:14 | Build | Pasture |
| 13:19 | Build | House |
| 13:20 | Build | House |
| 13:26 | Create | Villager (Male) |
| 13:41 | Create | Scout Cavalry |
| 13:48 | Build | Pasture |
| 14:00 | Create | Villager (Male) |
| 14:02 | Create | Scout Cavalry |
| 14:35 | Create | Scout Cavalry |
| 14:36 | Create | Villager (Male) |
| 14:39 | Build | Pasture |
| 14:51 | Build | Blacksmith |
| 14:55 | Build | House |
| 15:17 | Create | Scout Cavalry |
| 15:17 | Create | Villager (Male) |
| 15:17 | Create | Villager (Male) |
| 15:38 | Research | Forging |
| 15:39 | Create | Villager (Male) |
| 15:50 | Build | House |
| 16:02 | Create | Scout Cavalry |
| 16:08 | Create | Villager (Male) |
| 16:16 | Create | Scout Cavalry |
| 16:30 | Create | Scout Cavalry |
| 16:31 | Create | Villager (Male) |
| 17:12 | Create | Scout Cavalry |
| 17:12 | Create | Villager (Male) |
| 17:16 | Build | Stable |
| 17:21 | Build | House |
| 17:33 | Build | House |
| 17:43 | Create | Villager (Male) |
| 17:46 | Create | Villager (Male) |
| 17:50 | Build | Pasture |
| 18:10 | Build | Pasture |
| 18:14 | Create | Villager (Male) |
| 18:27 | Build | Palisade Wall |
| 18:29 | Build | Palisade Wall |
| 18:39 | Create | Scout Cavalry |
| 18:39 | Create | Scout Cavalry |
| 18:40 | Create | Villager (Male) |
| 18:46 | Build | Palisade Wall |
| 18:50 | Build | Palisade Wall |
| 18:59 | Create | Villager (Male) |
| 19:03 | Build | House |
| 19:04 | Build | Palisade Wall |
| 19:06 | Create | Villager (Male) |
| 19:09 | Build | Mining Camp |
| 19:44 | Research | Wheelbarrow |
| 21:04 | Create | Scout Cavalry |
| 21:04 | Create | Scout Cavalry |
| 21:35 | Research | Castle Age |
| 21:37 | Create | Scout Cavalry |
| 21:37 | Create | Scout Cavalry |
| 21:44 | Research | Scale Barding Armor |
| 21:48 | Build | Pasture |
| 22:09 | Create | Scout Cavalry |
| 22:09 | Create | Scout Cavalry |
| 22:11 | Create | Villager (Male) |
| 22:30 | Build | Pasture |
| 22:31 | Research | Gold Mining |
| 22:59 | Create | Scout Cavalry |
| 23:14 | Create | Scout Cavalry |
| 23:14 | Create | Scout Cavalry |
| 23:15 | Create | Villager (Male) |
| 23:28 | Create | Scout Cavalry |
| 23:28 | Create | Scout Cavalry |
| 23:40 | Build | Pasture |
| 23:41 | Build | Pasture |
| 24:03 | Create | Villager (Male) |
| 24:04 | Create | Villager (Male) |
| 24:15 | Age | Castle Age |
| 24:17 | Research | Light Cavalry (upgrade) |
| 24:21 | Research | Iron Casting |
| 24:21 | Research | Iron Casting |
| 24:24 | Create | Scout Cavalry |
| 24:25 | Create | Villager (Male) |
| 24:43 | Build | Pasture |
| 24:45 | Build | Pasture |
| 24:49 | Research | Husbandry |
| 25:49 | Create | Scout Cavalry |
| 25:49 | Create | Scout Cavalry |
| 25:50 | Create | Villager (Male) |
| 25:50 | Create | Villager (Male) |
| 25:57 | Build | Town Center |
| 26:08 | Create | Steppe Lancer |
| 26:08 | Create | Steppe Lancer |
| 26:08 | Create | Steppe Lancer |
| 26:16 | Build | Pasture |
| 26:38 | Build | Lumber Camp |
| 26:43 | Create | Steppe Lancer |
| 26:43 | Create | Steppe Lancer |
| 26:44 | Create | Villager (Male) |
| 26:45 | Create | Villager (Male) |
| 26:45 | Create | Villager (Male) |
| 27:29 | Research | Chain Barding Armor |
| 27:37 | Create | Steppe Lancer |
| 27:37 | Create | Steppe Lancer |
| 27:54 | Create | Steppe Lancer |
| 27:54 | Create | Steppe Lancer |
Build order — Tired Player
First 150 of 168 actions detected
| 0:00 | Create | Villager (Male) ×4 |
| 0:02 | Build | House |
| 0:05 | Build | House |
| 1:28 | Create | Villager (Male) |
| 1:45 | Create | Villager (Male) |
| 2:07 | Create | Villager (Male) |
| 2:35 | Build | Lumber Camp |
| 2:43 | Create | Villager (Male) |
| 3:28 | Build | House |
| 3:30 | Create | Villager (Male) |
| 3:47 | Create | Villager (Male) |
| 4:11 | Create | Villager (Male) |
| 4:32 | Build | Mill |
| 4:43 | Create | Villager (Male) |
| 5:04 | Build | House |
| 5:06 | Build | Palisade Wall |
| 5:06 | Build | Palisade Wall |
| 5:07 | Build | Palisade Wall |
| 5:10 | Create | Villager (Male) |
| 5:26 | Create | Villager (Male) |
| 5:53 | Build | House |
| 5:58 | Create | Villager (Male) |
| 6:02 | Build | Palisade Wall |
| 6:20 | Create | Villager (Male) |
| 6:32 | Build | Palisade Wall |
| 6:40 | Build | House |
| 6:41 | Build | Palisade Wall |
| 6:41 | Build | Palisade Wall |
| 6:54 | Create | Villager (Male) |
| 6:57 | Build | Palisade Wall |
| 6:59 | Build | Palisade Wall |
| 7:01 | Build | Palisade Wall |
| 7:10 | Create | Villager (Male) |
| 7:28 | Build | Palisade Wall |
| 7:32 | Create | Villager (Male) |
| 7:57 | Build | Mining Camp |
| 8:03 | Create | Villager (Male) |
| 8:13 | Research | Loom |
| 8:53 | Research | Feudal Age |
| 9:42 | Create | Villager (Male) |
| 10:10 | Build | House |
| 10:12 | Build | Palisade Wall |
| 10:13 | Build | Palisade Wall |
| 10:13 | Build | Palisade Wall |
| 10:43 | Create | Villager (Male) |
| 11:09 | Age | Feudal Age |
| 11:15 | Build | Market |
| 11:26 | Build | Blacksmith |
| 11:39 | Build | Farm |
| 11:42 | Build | Farm |
| 12:05 | Research | Castle Age |
| 12:35 | Build | House |
| 12:48 | Build | Farm |
| 12:54 | Build | House |
| 12:58 | Research | Double-Bit Axe |
| 13:02 | Build | House |
| 13:05 | Build | Farm |
| 13:36 | Create | Villager (Male) |
| 13:41 | Build | Farm |
| 13:47 | Build | Farm |
| 14:12 | Build | Palisade Wall |
| 14:20 | Build | Palisade Wall |
| 14:22 | Build | Palisade Wall |
| 14:24 | Build | Palisade Wall |
| 14:30 | Create | Villager (Male) |
| 14:45 | Age | Castle Age |
| 14:50 | Build | Castle |
| 14:53 | Build | Mining Camp |
| 15:01 | Build | Farm |
| 15:14 | Build | Farm |
| 15:33 | Create | Conquistador |
| 15:33 | Create | Conquistador |
| 15:43 | Build | Mining Camp |
| 16:03 | Create | Conquistador |
| 16:03 | Create | Conquistador |
| 16:14 | Create | Villager (Male) |
| 16:21 | Build | House |
| 16:27 | Create | Conquistador |
| 16:55 | Build | Farm |
| 16:58 | Create | Conquistador |
| 17:42 | Create | Conquistador |
| 17:42 | Create | Villager (Male) |
| 17:47 | Build | Farm |
| 17:49 | Build | Farm |
| 18:13 | Create | Conquistador |
| 18:13 | Create | Conquistador |
| 18:41 | Create | Conquistador |
| 19:02 | Create | Conquistador |
| 19:02 | Create | Conquistador |
| 19:04 | Create | Villager (Male) |
| 19:27 | Build | Town Center |
| 19:40 | Create | Conquistador |
| 19:40 | Create | Conquistador |
| 19:53 | Create | Conquistador |
| 19:54 | Create | Villager (Male) |
| 19:59 | Build | Lumber Camp |
| 20:02 | Build | Farm |
| 20:05 | Create | Villager (Male) |
| 20:28 | Create | Conquistador |
| 20:32 | Create | Villager (Male) |
| 20:49 | Create | Villager (Male) |
| 20:49 | Create | Villager (Male) |
| 21:00 | Create | Villager (Male) |
| 21:00 | Create | Villager (Male) |
| 21:21 | Create | Conquistador |
| 21:21 | Create | Conquistador |
| 21:29 | Build | Farm |
| 21:33 | Build | House |
| 21:33 | Build | House |
| 21:34 | Build | House |
| 21:34 | Build | House |
| 21:41 | Create | Conquistador |
| 21:49 | Create | Conquistador |
| 21:50 | Create | Villager (Male) |
| 21:50 | Create | Villager (Male) |
| 22:00 | Research | Horse Collar |
| 22:33 | Create | Conquistador |
| 22:33 | Create | Conquistador |
| 22:51 | Build | Farm |
| 22:51 | Build | Farm |
| 22:53 | Create | Villager (Male) |
| 22:54 | Create | Villager (Male) |
| 23:04 | Build | House |
| 23:10 | Create | Conquistador |
| 23:13 | Build | Farm |
| 23:30 | Create | Conquistador |
| 23:35 | Build | House |
| 23:37 | Build | Farm |
| 23:43 | Create | Conquistador |
| 23:43 | Create | Villager (Male) |
| 24:05 | Build | Farm |
| 24:06 | Build | Farm |
| 24:16 | Build | House |
| 24:26 | Create | Conquistador |
| 24:26 | Create | Conquistador |
| 24:50 | Build | Siege Workshop |
| 25:00 | Build | House |
| 25:03 | Build | House |
| 25:04 | Create | Villager (Male) |
| 25:04 | Create | Villager (Male) |
| 25:05 | Create | Villager (Male) |
| 25:20 | Research | Padded Archer Armor |
| 26:01 | Create | Mangonel |
| 26:02 | Create | Villager (Male) |
| 26:02 | Create | Villager (Male) |
| 26:02 | Create | Villager (Male) |
| 26:03 | Create | Villager (Male) |
| 26:15 | Build | Outpost |
| 26:22 | Create | Conquistador |
| 26:28 | Create | Villager (Male) |
Build order — Cinnamoroll
First 150 of 186 actions detected
| 0:01 | Create | Villager (Male) |
| 0:01 | Create | Villager (Male) |
| 0:02 | Create | Villager (Male) |
| 0:02 | Create | Villager (Male) |
| 0:02 | Create | Villager (Male) |
| 0:03 | Build | House |
| 0:04 | Build | House |
| 1:17 | Create | Villager (Male) |
| 1:40 | Create | Villager (Male) |
| 1:56 | Create | Villager (Male) |
| 2:06 | Build | Mule Cart |
| 2:08 | Create | Villager (Male) |
| 2:26 | Create | Villager (Male) |
| 2:29 | Create | Villager (Male) |
| 2:57 | Create | Villager (Male) |
| 3:08 | Create | Villager (Male) |
| 3:43 | Build | Mule Cart |
| 3:45 | Create | Villager (Male) |
| 3:51 | Create | Villager (Male) |
| 4:19 | Build | House |
| 4:24 | Create | Villager (Male) |
| 4:52 | Create | Villager (Male) |
| 5:13 | Build | Mill |
| 5:15 | Create | Villager (Male) |
| 5:52 | Create | Villager (Male) |
| 6:20 | Research | Loom |
| 7:10 | Create | Villager (Male) |
| 7:14 | Build | House |
| 7:42 | Research | Feudal Age |
| 7:42 | Research | Feudal Age |
| 8:04 | Build | Barracks |
| 8:15 | Build | House |
| 9:23 | Build | House |
| 9:28 | Build | Palisade Wall |
| 9:51 | Create | Spearman |
| 9:52 | Age | Feudal Age |
| 9:53 | Create | Villager (Male) |
| 9:57 | Build | Stable |
| 10:05 | Research | Double-Bit Axe |
| 10:15 | Create | Villager (Male) |
| 10:31 | Create | Villager (Male) |
| 10:38 | Build | House |
| 10:40 | Create | Scout Cavalry |
| 10:45 | Build | Farm |
| 10:49 | Build | Farm |
| 11:04 | Build | Palisade Gate |
| 11:08 | Build | Farm |
| 11:09 | Create | Villager (Male) |
| 11:27 | Create | Scout Cavalry |
| 11:47 | Build | Farm |
| 11:47 | Build | Farm |
| 11:48 | Build | Farm |
| 11:56 | Create | Spearman |
| 12:18 | Create | Villager (Male) |
| 12:20 | Build | Farm |
| 12:20 | Build | Farm |
| 12:21 | Create | Scout Cavalry |
| 12:40 | Create | Spearman |
| 12:43 | Create | Scout Cavalry |
| 12:44 | Create | Scout Cavalry |
| 12:52 | Create | Villager (Male) |
| 13:10 | Create | Villager (Male) |
| 13:20 | Create | Villager (Male) |
| 13:40 | Create | Villager (Male) |
| 13:46 | Create | Villager (Male) |
| 13:54 | Build | Farm |
| 13:54 | Build | Farm |
| 13:54 | Build | Farm |
| 13:54 | Build | Farm |
| 13:55 | Build | Farm |
| 13:58 | Create | Scout Cavalry |
| 14:00 | Build | House |
| 14:01 | Create | Villager (Male) |
| 14:33 | Create | Scout Cavalry |
| 14:41 | Build | House |
| 14:43 | Create | Villager (Male) |
| 14:45 | Build | Market |
| 14:54 | Create | Villager (Male) |
| 15:01 | Build | House |
| 15:14 | Create | Scout Cavalry |
| 15:31 | Create | Villager (Male) |
| 15:34 | Build | Blacksmith |
| 15:57 | Create | Villager (Male) |
| 16:00 | Build | Farm |
| 16:01 | Build | Farm |
| 16:01 | Build | Farm |
| 16:02 | Create | Scout Cavalry |
| 16:12 | Create | Villager (Male) |
| 16:15 | Build | House |
| 16:18 | Build | House |
| 16:19 | Build | Palisade Wall |
| 16:24 | Create | Villager (Male) |
| 16:30 | Build | House |
| 16:34 | Create | Spearman |
| 16:34 | Create | Spearman |
| 16:44 | Create | Villager (Male) |
| 16:47 | Build | Palisade Gate |
| 16:53 | Build | Mule Cart |
| 17:00 | Create | Spearman |
| 17:03 | Build | Farm |
| 17:14 | Create | Scout Cavalry |
| 17:14 | Create | Scout Cavalry |
| 17:33 | Build | Stable |
| 17:36 | Create | Scout Cavalry |
| 17:48 | Create | Villager (Male) |
| 17:51 | Build | Farm |
| 18:09 | Create | Villager (Male) |
| 18:16 | Build | Farm |
| 18:17 | Create | Villager (Male) |
| 18:39 | Create | Villager (Male) |
| 18:47 | Create | Villager (Male) |
| 19:02 | Create | Spearman |
| 19:03 | Create | Spearman |
| 19:04 | Create | Scout Cavalry |
| 19:04 | Create | Scout Cavalry |
| 19:04 | Create | Scout Cavalry |
| 19:05 | Create | Scout Cavalry |
| 19:06 | Create | Villager (Male) |
| 19:12 | Build | Farm |
| 19:12 | Build | Farm |
| 19:13 | Build | Farm |
| 19:13 | Build | Farm |
| 19:14 | Create | Villager (Male) |
| 19:29 | Create | Scout Cavalry |
| 19:33 | Create | Villager (Male) |
| 19:43 | Create | Spearman |
| 19:48 | Research | Scale Mail Armor |
| 19:50 | Create | Villager (Male) |
| 19:55 | Create | Spearman |
| 19:55 | Create | Spearman |
| 19:55 | Create | Spearman |
| 20:04 | Create | Spearman |
| 20:16 | Research | Scale Barding Armor |
| 20:46 | Create | Villager (Male) |
| 20:57 | Create | Villager (Male) |
| 21:03 | Create | Villager (Male) |
| 21:06 | Create | Spearman |
| 21:16 | Research | Bloodlines |
| 21:35 | Create | Villager (Male) |
| 21:35 | Create | Villager (Male) |
| 21:36 | Create | Villager (Male) |
| 21:42 | Build | Mule Cart |
| 21:45 | Build | Stone Wall |
| 21:51 | Create | Villager (Male) |
| 21:58 | Create | Villager (Male) |
| 22:06 | Create | Villager (Male) |
| 22:34 | Create | Villager (Male) |
| 22:49 | Create | Villager (Male) |
| 22:57 | Create | Villager (Male) |
| 23:02 | Build | Mule Cart |
Build order — Legend [LEG]
141 actions detected in the replay
| 0:00 | Create | Villager (Male) |
| 0:00 | Create | Villager (Male) |
| 0:00 | Create | Villager (Male) |
| 0:01 | Create | Villager (Male) |
| 0:02 | Build | House |
| 0:03 | Build | House |
| 1:24 | Create | Villager (Male) |
| 1:25 | Create | Villager (Male) |
| 2:15 | Create | Villager (Male) |
| 2:15 | Create | Villager (Male) |
| 2:15 | Create | Villager (Male) |
| 2:16 | Create | Villager (Male) |
| 2:18 | Build | Palisade Gate |
| 3:07 | Build | Lumber Camp |
| 3:28 | Create | Villager (Male) |
| 3:54 | Create | Villager (Male) |
| 4:10 | Build | House |
| 4:13 | Create | Villager (Male) |
| 4:14 | Create | Villager (Male) |
| 4:14 | Create | Villager (Male) |
| 4:40 | Create | Villager (Male) |
| 4:50 | Build | Palisade Wall |
| 5:35 | Build | Palisade Wall |
| 6:02 | Build | Mill |
| 6:08 | Create | Villager (Male) |
| 6:19 | Build | Palisade Wall |
| 6:28 | Build | House |
| 6:29 | Create | Villager (Male) |
| 6:39 | Create | Villager (Male) |
| 6:59 | Build | Palisade Wall |
| 7:18 | Create | Villager (Male) |
| 7:40 | Research | Loom |
| 7:41 | Research | Feudal Age |
| 8:42 | Build | Mining Camp |
| 9:44 | Create | Villager (Male) |
| 9:44 | Create | Villager (Male) |
| 10:23 | Age | Feudal Age |
| 10:25 | Build | Market |
| 10:28 | Create | Villager (Male) |
| 10:49 | Build | Blacksmith |
| 11:30 | Build | Palisade Wall |
| 11:43 | Research | Castle Age |
| 11:43 | Research | Castle Age |
| 11:46 | Build | Palisade Wall |
| 11:51 | Build | Palisade Wall |
| 12:16 | Build | Palisade Wall |
| 12:28 | Build | House |
| 12:40 | Build | Palisade Wall |
| 12:43 | Build | Palisade Wall |
| 12:43 | Build | Palisade Wall |
| 13:46 | Build | House |
| 13:48 | Build | House |
| 13:50 | Build | House |
| 13:54 | Build | House |
| 14:22 | Age | Castle Age |
| 15:14 | Build | Castle |
| 15:33 | Create | Villager (Male) |
| 15:43 | Build | Mining Camp |
| 16:01 | Build | Farm |
| 16:19 | Create | Arambai |
| 16:19 | Create | Arambai |
| 16:44 | Build | Farm |
| 16:44 | Build | Farm |
| 17:04 | Create | Arambai |
| 17:04 | Create | Arambai |
| 17:14 | Build | Farm |
| 17:41 | Create | Arambai |
| 17:41 | Create | Arambai |
| 17:54 | Create | Villager (Male) |
| 17:54 | Create | Villager (Male) |
| 17:58 | Build | Farm |
| 18:22 | Create | Villager (Male) |
| 18:22 | Create | Villager (Male) |
| 18:24 | Create | Arambai |
| 18:24 | Create | Arambai |
| 18:40 | Create | Arambai |
| 18:40 | Create | Arambai |
| 19:05 | Create | Arambai |
| 19:05 | Create | Arambai |
| 19:06 | Create | Villager (Male) |
| 19:07 | Create | Villager (Male) |
| 19:08 | Create | Villager (Male) |
| 19:28 | Build | House |
| 19:31 | Build | Farm |
| 19:32 | Build | Farm |
| 19:35 | Create | Villager (Male) |
| 20:19 | Create | Arambai |
| 20:19 | Create | Arambai |
| 20:33 | Build | Siege Workshop |
| 21:07 | Create | Villager (Male) |
| 21:07 | Create | Villager (Male) |
| 21:08 | Create | Villager (Male) |
| 21:10 | Create | Battering Ram |
| 21:11 | Create | Battering Ram |
| 21:44 | Create | Arambai |
| 21:45 | Create | Arambai |
| 21:45 | Create | Arambai |
| 21:53 | Create | Battering Ram |
| 21:53 | Create | Battering Ram |
| 21:59 | Create | Villager (Male) |
| 22:01 | Create | Arambai |
| 22:01 | Create | Arambai |
| 22:20 | Create | Arambai |
| 22:20 | Create | Arambai |
| 22:22 | Create | Villager (Male) |
| 22:40 | Create | Arambai |
| 22:40 | Create | Arambai |
| 22:53 | Create | Arambai |
| 22:57 | Create | Villager (Male) |
| 22:57 | Create | Villager (Male) |
| 22:57 | Create | Villager (Male) |
| 22:57 | Create | Villager (Male) |
| 23:05 | Build | Farm |
| 23:12 | Create | Arambai |
| 23:28 | Create | Arambai |
| 23:54 | Create | Villager (Male) |
| 23:55 | Create | Arambai |
| 23:55 | Create | Arambai |
| 24:49 | Create | Arambai |
| 24:49 | Create | Arambai |
| 24:49 | Create | Arambai |
| 24:59 | Create | Mangonel |
| 24:59 | Create | Mangonel |
| 25:09 | Create | Villager (Male) |
| 25:19 | Research | Padded Archer Armor |
| 25:19 | Research | Padded Archer Armor |
| 25:31 | Create | Villager (Male) |
| 25:32 | Create | Villager (Male) |
| 25:32 | Create | Villager (Male) |
| 26:03 | Create | Mangonel |
| 26:49 | Build | Monastery |
| 27:04 | Create | Villager (Male) |
| 27:05 | Create | Villager (Male) |
| 27:45 | Build | House |
| 28:12 | Create | Monk |
| 28:12 | Create | Monk |
| 28:16 | Build | Farm |
| 28:22 | Create | Villager (Male) |
| 28:22 | Create | Villager (Male) |
| 28:22 | Create | Villager (Male) |
| 28:28 | Build | Town Center |
Build order — King Hotuiti
First 150 of 162 actions detected
| 0:01 | Create | Villager (Male) |
| 0:01 | Create | Villager (Male) |
| 0:02 | Create | Villager (Male) |
| 0:02 | Build | House |
| 0:04 | Build | House |
| 0:08 | Create | Villager (Male) |
| 0:08 | Create | Villager (Male) |
| 0:09 | Create | Villager (Male) |
| 1:26 | Create | Villager (Male) |
| 1:26 | Create | Villager (Male) |
| 1:26 | Create | Villager (Male) |
| 1:37 | Create | Villager (Male) |
| 1:37 | Create | Villager (Male) |
| 2:19 | Build | Lumber Camp |
| 2:39 | Create | Villager (Male) |
| 2:44 | Create | Villager (Male) |
| 2:44 | Create | Villager (Male) |
| 2:44 | Create | Villager (Male) |
| 2:44 | Create | Villager (Male) |
| 3:34 | Build | House |
| 4:10 | Create | Villager (Male) |
| 4:10 | Create | Villager (Male) |
| 4:24 | Create | Villager (Male) |
| 4:53 | Create | Villager (Male) |
| 4:55 | Build | Mill |
| 5:00 | Create | Villager (Male) |
| 5:16 | Create | Villager (Male) |
| 5:22 | Create | Villager (Male) |
| 5:36 | Create | Villager (Male) |
| 6:26 | Research | Loom |
| 6:42 | Build | Mill |
| 7:32 | Research | Feudal Age |
| 7:32 | Research | Feudal Age |
| 8:04 | Build | Barracks |
| 8:20 | Build | House |
| 8:22 | Build | House |
| 9:10 | Create | Villager (Male) |
| 9:11 | Create | Villager (Male) |
| 9:39 | Build | Farm |
| 9:42 | Age | Feudal Age |
| 9:45 | Build | Stable |
| 9:49 | Build | Stable |
| 9:51 | Build | Palisade Wall |
| 9:59 | Research | Double-Bit Axe |
| 10:00 | Create | Villager (Male) |
| 10:07 | Build | Farm |
| 10:13 | Build | Palisade Wall |
| 10:14 | Build | Palisade Wall |
| 10:31 | Create | Scout Cavalry |
| 10:32 | Create | Scout Cavalry |
| 10:39 | Build | Farm |
| 10:53 | Create | Villager (Male) |
| 11:04 | Build | House |
| 11:08 | Create | Scout Cavalry |
| 11:10 | Build | Farm |
| 11:11 | Create | Villager (Male) |
| 11:14 | Build | Farm |
| 11:37 | Create | Scout Cavalry |
| 11:38 | Create | Villager (Male) |
| 11:41 | Build | Farm |
| 11:42 | Build | Farm |
| 11:42 | Build | Farm |
| 11:56 | Build | Farm |
| 11:59 | Create | Villager (Male) |
| 12:10 | Create | Villager (Male) |
| 12:14 | Build | House |
| 12:23 | Build | Farm |
| 12:34 | Build | House |
| 12:36 | Create | Villager (Male) |
| 12:40 | Build | Farm |
| 12:59 | Create | Villager (Male) |
| 13:00 | Build | Farm |
| 13:05 | Create | Scout Cavalry |
| 13:11 | Create | Villager (Male) |
| 13:21 | Build | House |
| 13:22 | Build | House |
| 13:28 | Create | Scout Cavalry |
| 13:39 | Create | Villager (Male) |
| 13:40 | Build | Farm |
| 13:45 | Build | Farm |
| 14:17 | Create | Villager (Male) |
| 14:18 | Create | Villager (Male) |
| 14:36 | Create | Villager (Male) |
| 14:40 | Build | Farm |
| 14:42 | Build | Farm |
| 14:57 | Build | Mining Camp |
| 14:59 | Create | Villager (Male) |
| 15:00 | Create | Villager (Male) |
| 15:17 | Create | Villager (Male) |
| 15:30 | Create | Villager (Male) |
| 15:40 | Build | Blacksmith |
| 15:51 | Create | Villager (Male) |
| 16:20 | Build | Mining Camp |
| 17:32 | Research | Bloodlines |
| 17:39 | Research | Castle Age |
| 17:39 | Research | Castle Age |
| 18:05 | Build | Barracks |
| 18:07 | Build | Barracks |
| 18:11 | Research | Scale Mail Armor |
| 18:34 | Build | Watch Tower |
| 18:35 | Build | Watch Tower |
| 19:09 | Build | Palisade Wall |
| 19:10 | Build | Palisade Wall |
| 19:11 | Build | Palisade Wall |
| 19:13 | Build | Palisade Wall |
| 19:40 | Research | Forging |
| 19:40 | Research | Forging |
| 19:43 | Research | Gold Mining |
| 20:05 | Create | Villager (Male) |
| 20:09 | Build | Palisade Wall |
| 20:11 | Build | Palisade Wall |
| 20:15 | Build | House |
| 20:17 | Build | Palisade Wall |
| 20:19 | Age | Castle Age |
| 20:21 | Build | Palisade Wall |
| 20:25 | Build | Palisade Wall |
| 20:27 | Build | Palisade Wall |
| 20:33 | Create | Unit 1974 ×5 |
| 20:33 | Create | Unit 1974 |
| 21:22 | Create | Villager (Male) |
| 21:22 | Create | Villager (Male) |
| 21:38 | Create | Villager (Male) |
| 21:38 | Create | Villager (Male) |
| 21:38 | Create | Villager (Male) |
| 21:38 | Create | Villager (Male) |
| 22:11 | Create | Villager (Male) |
| 22:11 | Create | Villager (Male) |
| 22:11 | Create | Villager (Male) |
| 22:11 | Create | Villager (Male) |
| 22:33 | Build | Archery Range |
| 22:38 | Create | Villager (Male) |
| 22:38 | Create | Villager (Male) |
| 22:39 | Create | Villager (Male) |
| 22:56 | Create | Villager (Male) |
| 22:59 | Build | House |
| 23:00 | Build | Palisade Wall |
| 23:56 | Create | Villager (Male) |
| 24:22 | Build | Siege Workshop |
| 24:28 | Create | Villager (Male) |
| 24:29 | Create | Villager (Male) |
| 25:12 | Build | House |
| 25:28 | Research | Bow Saw |
| 25:28 | Research | Bow Saw |
| 25:30 | Create | Villager (Male) |
| 26:01 | Build | Lumber Camp |
| 26:28 | Create | Villager (Male) |
| 26:28 | Create | Villager (Male) |
| 26:29 | Build | Farm |
| 26:42 | Create | Villager (Male) |
| 26:42 | Create | Villager (Male) |
Build order — busy pushing deer
118 actions detected in the replay
| 0:01 | Create | Villager (Male) |
| 0:02 | Create | Villager (Male) |
| 0:02 | Create | Villager (Male) |
| 0:08 | Build | House |
| 0:11 | Create | Villager (Male) |
| 1:02 | Build | House |
| 1:22 | Build | House |
| 1:37 | Create | Villager (Male) |
| 2:14 | Create | Villager (Male) |
| 2:14 | Create | Villager (Male) |
| 2:19 | Build | Settlement |
| 2:41 | Create | Villager (Male) |
| 3:09 | Create | Villager (Male) |
| 3:09 | Create | Villager (Male) |
| 3:39 | Create | Villager (Male) |
| 4:22 | Create | Villager (Male) |
| 4:22 | Create | Villager (Male) |
| 4:23 | Create | Villager (Male) |
| 4:49 | Create | Villager (Male) |
| 4:55 | Create | Villager (Male) |
| 5:29 | Create | Villager (Male) |
| 5:29 | Create | Villager (Male) |
| 5:51 | Build | Settlement |
| 6:04 | Create | Villager (Male) |
| 6:09 | Create | Villager (Male) |
| 6:34 | Create | Villager (Male) |
| 6:51 | Create | Villager (Male) |
| 7:18 | Build | Palisade Gate |
| 7:33 | Build | Settlement |
| 8:08 | Build | Palisade Wall |
| 8:11 | Build | Palisade Wall |
| 8:13 | Build | Palisade Wall |
| 8:20 | Build | Palisade Wall |
| 8:23 | Build | Palisade Wall |
| 8:27 | Build | Palisade Wall |
| 8:44 | Build | House |
| 8:49 | Research | Feudal Age |
| 9:39 | Build | Barracks |
| 9:47 | Build | House |
| 10:06 | Build | House |
| 10:12 | Build | House |
| 10:13 | Build | Palisade Wall |
| 10:59 | Age | Feudal Age |
| 11:06 | Build | Watch Tower |
| 11:09 | Create | Villager (Male) |
| 11:13 | Research | Double-Bit Axe |
| 11:32 | Create | Villager (Male) |
| 11:52 | Build | Palisade Wall |
| 12:23 | Research | Loom |
| 12:41 | Create | Villager (Male) |
| 12:52 | Build | Archery Range |
| 13:12 | Create | Villager (Male) |
| 13:20 | Create | Archer |
| 13:25 | Build | Palisade Wall |
| 13:27 | Build | Palisade Wall |
| 13:38 | Create | Archer |
| 13:54 | Build | House |
| 14:11 | Create | Villager (Male) |
| 14:31 | Create | Villager (Male) |
| 15:24 | Create | Villager (Male) |
| 15:58 | Create | Villager (Male) |
| 16:18 | Create | Villager (Male) |
| 16:34 | Create | Villager (Male) |
| 16:52 | Build | Settlement |
| 17:39 | Build | Farm |
| 17:41 | Build | Farm |
| 17:44 | Create | Archer |
| 18:14 | Create | Villager (Male) |
| 18:15 | Create | Villager (Male) |
| 18:18 | Create | Archer |
| 18:25 | Build | Watch Tower |
| 19:03 | Create | Archer |
| 19:10 | Build | Farm |
| 19:36 | Create | Archer |
| 19:40 | Create | Villager (Male) |
| 20:02 | Create | Archer |
| 20:03 | Create | Archer |
| 20:08 | Build | Blacksmith |
| 20:16 | Create | Villager (Male) |
| 20:18 | Create | Archer |
| 20:18 | Create | Archer |
| 20:21 | Build | Farm |
| 21:01 | Build | House |
| 21:30 | Build | House |
| 21:39 | Create | Villager (Male) |
| 22:22 | Create | Villager (Male) |
| 23:00 | Create | Archer |
| 23:00 | Create | Archer |
| 23:05 | Create | Villager (Male) |
| 23:13 | Build | Archery Range |
| 23:30 | Build | Watch Tower |
| 23:32 | Create | Villager (Male) |
| 23:38 | Create | Archer |
| 23:39 | Create | Villager (Male) |
| 23:44 | Build | Settlement |
| 24:00 | Create | Archer |
| 24:15 | Create | Villager (Male) |
| 24:52 | Create | Villager (Male) |
| 25:06 | Create | Villager (Male) |
| 25:21 | Build | Farm |
| 25:27 | Create | Villager (Male) |
| 25:50 | Build | House |
| 25:56 | Create | Archer |
| 25:56 | Create | Archer |
| 26:10 | Create | Villager (Male) |
| 26:13 | Build | Farm |
| 26:27 | Create | Villager (Male) |
| 26:37 | Create | Archer |
| 26:37 | Create | Archer |
| 26:55 | Create | Archer |
| 26:55 | Create | Archer |
| 27:25 | Research | Fletching |
| 27:46 | Build | Settlement |
| 27:53 | Create | Villager (Male) |
| 27:53 | Create | Villager (Male) |
| 27:55 | Create | Archer |
| 27:56 | Create | Archer |
| 28:10 | Create | Villager (Male) |
Build order — TRex
126 actions detected in the replay
| 0:03 | Create | Villager (Male) ×4 |
| 0:04 | Build | House |
| 0:05 | Build | House |
| 1:34 | Create | Villager (Male) |
| 1:34 | Create | Villager (Male) |
| 2:05 | Create | Villager (Male) |
| 2:05 | Create | Villager (Male) |
| 2:07 | Build | Lumber Camp |
| 2:11 | Create | Villager (Male) |
| 2:11 | Create | Villager (Male) |
| 2:44 | Create | Villager (Male) |
| 2:46 | Research | Loom |
| 2:47 | Research | Loom |
| 3:30 | Create | Villager (Male) |
| 3:30 | Create | Villager (Male) |
| 3:49 | Build | House |
| 3:50 | Build | House |
| 4:26 | Create | Villager (Male) |
| 4:26 | Create | Villager (Male) |
| 4:27 | Create | Villager (Male) |
| 5:15 | Create | Villager (Male) |
| 5:33 | Build | Barracks |
| 5:41 | Create | Villager (Male) |
| 6:05 | Build | Mill |
| 6:26 | Create | Villager (Male) |
| 6:39 | Create | Militia |
| 6:39 | Create | Militia |
| 6:49 | Create | Villager (Male) |
| 7:02 | Create | Militia |
| 7:02 | Create | Militia |
| 7:27 | Create | Villager (Male) |
| 7:45 | Build | Farm |
| 7:48 | Create | Militia |
| 7:48 | Create | Militia |
| 7:52 | Build | Farm |
| 8:18 | Create | Villager (Male) |
| 8:18 | Create | Villager (Male) |
| 8:54 | Create | Villager (Male) |
| 8:58 | Build | Farm |
| 9:14 | Build | House |
| 9:32 | Build | House |
| 9:32 | Build | House |
| 9:37 | Create | Villager (Male) |
| 9:45 | Build | House |
| 9:47 | Build | House |
| 9:59 | Create | Villager (Male) |
| 10:48 | Build | Farm |
| 10:49 | Research | Feudal Age |
| 10:50 | Research | Feudal Age |
| 11:41 | Build | Farm |
| 11:42 | Build | Farm |
| 12:57 | Create | Villager (Male) |
| 12:57 | Create | Villager (Male) |
| 12:59 | Age | Feudal Age |
| 13:00 | Research | Man-at-Arms (upgrade) |
| 13:00 | Research | Man-at-Arms (upgrade) |
| 13:19 | Build | Watch Tower |
| 14:02 | Research | Town Watch |
| 14:02 | Research | Town Watch |
| 14:29 | Research | Wheelbarrow |
| 14:30 | Research | Wheelbarrow |
| 14:32 | Research | Horse Collar |
| 14:32 | Research | Horse Collar |
| 14:35 | Research | Double-Bit Axe |
| 14:35 | Research | Double-Bit Axe |
| 16:41 | Create | Villager (Male) |
| 16:41 | Create | Villager (Male) |
| 16:42 | Create | Villager (Male) |
| 16:56 | Build | House |
| 17:00 | Build | House |
| 17:06 | Build | Farm |
| 17:11 | Build | Market |
| 17:17 | Build | House |
| 17:30 | Build | Blacksmith |
| 17:38 | Create | Villager (Male) |
| 17:46 | Build | House |
| 17:47 | Build | House |
| 18:03 | Build | Farm |
| 18:04 | Create | Villager (Male) |
| 18:16 | Build | Mining Camp |
| 18:24 | Build | Farm |
| 18:46 | Create | Villager (Male) |
| 18:46 | Create | Villager (Male) |
| 18:54 | Create | Villager (Male) |
| 19:18 | Build | House |
| 19:20 | Build | House |
| 19:31 | Create | Villager (Male) |
| 19:40 | Build | Farm |
| 19:52 | Build | House |
| 19:55 | Build | Palisade Wall |
| 19:56 | Build | Palisade Wall |
| 20:08 | Create | Villager (Male) |
| 20:09 | Create | Villager (Male) |
| 20:47 | Create | Villager (Male) |
| 21:32 | Build | Farm |
| 21:33 | Build | Farm |
| 21:33 | Create | Villager (Male) |
| 21:34 | Create | Villager (Male) |
| 21:38 | Build | Farm |
| 21:39 | Build | Farm |
| 21:51 | Build | Farm |
| 21:53 | Build | Farm |
| 22:26 | Build | House |
| 22:28 | Build | House |
| 22:32 | Build | House |
| 23:06 | Build | House |
| 23:14 | Create | Villager (Male) |
| 23:27 | Create | Villager (Male) |
| 24:02 | Create | Villager (Male) |
| 24:03 | Create | Villager (Male) |
| 24:36 | Create | Villager (Male) |
| 25:21 | Build | Lumber Camp |
| 25:24 | Build | Palisade Wall |
| 25:25 | Build | Palisade Wall |
| 25:39 | Build | House |
| 25:42 | Build | House |
| 25:44 | Build | House |
| 25:49 | Build | Farm |
| 25:56 | Build | Palisade Wall |
| 25:58 | Build | Palisade Wall |
| 26:01 | Build | Palisade Wall |
| 26:04 | Build | Farm |
| 26:09 | Build | Palisade Wall |
| 26:13 | Create | Villager (Male) |
| 26:13 | Create | Villager (Male) |
| 26:28 | Create | Villager (Male) |
Build order — Avila1997
First 150 of 179 actions detected
| 0:01 | Research | Loom |
| 0:02 | Create | Villager (Male) |
| 0:03 | Build | House |
| 0:05 | Build | House |
| 0:22 | Create | Villager (Male) |
| 0:22 | Create | Villager (Male) |
| 0:25 | Create | Villager (Male) |
| 1:19 | Create | Villager (Male) |
| 1:46 | Create | Villager (Male) |
| 2:15 | Create | Villager (Male) |
| 2:50 | Build | Lumber Camp |
| 2:56 | Create | Villager (Male) |
| 3:43 | Create | Villager (Male) |
| 4:05 | Build | House |
| 4:09 | Create | Villager (Male) |
| 4:29 | Build | Palisade Wall |
| 4:30 | Build | Palisade Wall |
| 4:32 | Create | Villager (Male) |
| 4:48 | Create | Villager (Male) |
| 4:56 | Build | Mill |
| 5:05 | Create | Villager (Male) |
| 5:18 | Create | Villager (Male) |
| 5:29 | Create | Villager (Male) |
| 5:48 | Build | Palisade Wall |
| 5:50 | Build | Palisade Wall |
| 5:50 | Build | Palisade Wall |
| 5:54 | Create | Villager (Male) |
| 5:58 | Build | House |
| 6:49 | Build | Palisade Wall |
| 7:09 | Research | Feudal Age |
| 7:09 | Research | Feudal Age |
| 7:45 | Build | House |
| 8:11 | Build | Barracks |
| 8:42 | Build | Mining Camp |
| 9:04 | Build | Palisade Gate |
| 9:19 | Age | Feudal Age |
| 9:19 | Create | Villager (Male) |
| 9:20 | Create | Villager (Male) |
| 9:41 | Build | Archery Range |
| 9:49 | Create | Villager (Male) |
| 10:12 | Create | Villager (Male) |
| 10:26 | Build | Blacksmith |
| 10:33 | Research | Double-Bit Axe |
| 10:33 | Research | Double-Bit Axe |
| 10:35 | Create | Villager (Male) |
| 10:42 | Create | Archer |
| 10:43 | Create | Archer |
| 10:58 | Build | Palisade Gate |
| 11:10 | Create | Archer |
| 11:29 | Create | Archer |
| 11:33 | Create | Villager (Male) |
| 11:33 | Create | Villager (Male) |
| 11:44 | Build | Archery Range |
| 12:02 | Create | Archer |
| 12:14 | Create | Villager (Male) |
| 12:17 | Build | House |
| 12:19 | Create | Villager (Male) |
| 12:19 | Create | Villager (Male) |
| 12:41 | Build | Farm |
| 12:45 | Build | Farm |
| 12:46 | Build | Farm |
| 12:47 | Create | Archer |
| 12:48 | Create | Archer |
| 12:48 | Create | Archer |
| 12:55 | Create | Villager (Male) |
| 13:22 | Build | Farm |
| 13:24 | Create | Villager (Male) |
| 13:27 | Create | Archer |
| 13:31 | Build | House |
| 13:46 | Research | Fletching |
| 14:02 | Create | Villager (Male) |
| 14:03 | Create | Villager (Male) |
| 14:08 | Create | Archer |
| 14:08 | Create | Archer |
| 14:09 | Create | Villager (Male) |
| 14:20 | Build | House |
| 14:20 | Create | Archer |
| 14:21 | Create | Archer |
| 14:28 | Build | Farm |
| 14:31 | Build | Farm |
| 14:32 | Create | Villager (Male) |
| 14:37 | Build | House |
| 14:37 | Build | House |
| 14:52 | Create | Archer |
| 15:01 | Create | Villager (Male) |
| 15:31 | Create | Villager (Male) |
| 15:31 | Create | Villager (Male) |
| 15:47 | Create | Villager (Male) |
| 15:47 | Create | Villager (Male) |
| 15:51 | Build | Farm |
| 15:55 | Build | Farm |
| 15:57 | Build | Farm |
| 16:03 | Create | Archer |
| 16:03 | Create | Archer |
| 16:04 | Create | Archer |
| 16:17 | Build | Farm |
| 16:21 | Build | Mining Camp |
| 16:34 | Create | Villager (Male) |
| 16:38 | Create | Archer |
| 16:38 | Create | Archer |
| 17:10 | Create | Archer |
| 17:12 | Create | Archer |
| 17:18 | Create | Villager (Male) |
| 17:43 | Build | House |
| 17:55 | Build | Watch Tower |
| 18:00 | Build | Stone Wall |
| 18:01 | Build | Stone Wall |
| 18:10 | Create | Archer |
| 18:11 | Create | Archer |
| 18:12 | Create | Villager (Male) |
| 18:12 | Create | Villager (Male) |
| 18:19 | Build | Farm |
| 18:20 | Build | Farm |
| 18:39 | Build | Farm |
| 18:47 | Build | Stone Wall |
| 18:48 | Build | Stone Wall |
| 19:05 | Build | Farm |
| 19:21 | Build | House |
| 19:26 | Build | Gate |
| 19:37 | Build | House |
| 20:25 | Research | Castle Age |
| 20:25 | Research | Castle Age |
| 20:50 | Build | House |
| 21:37 | Research | Horse Collar |
| 21:38 | Research | Padded Archer Armor |
| 22:14 | Build | House |
| 22:41 | Create | Archer |
| 22:41 | Create | Archer |
| 22:41 | Create | Archer |
| 22:41 | Create | Archer |
| 23:00 | Research | Wheelbarrow |
| 23:01 | Create | Villager (Male) |
| 23:05 | Age | Castle Age |
| 23:08 | Research | Crossbowman (upgrade) |
| 23:19 | Build | Town Center |
| 23:22 | Build | Lumber Camp |
| 23:24 | Build | Farm |
| 23:26 | Build | Farm |
| 23:27 | Build | Farm |
| 23:28 | Create | Archer |
| 23:28 | Create | Archer |
| 23:29 | Create | Archer |
| 23:45 | Build | University |
| 24:00 | Create | Villager (Male) |
| 24:00 | Create | Villager (Male) |
| 24:27 | Create | Archer |
| 24:27 | Create | Archer |
| 24:27 | Create | Archer |
| 24:28 | Create | Archer |
| 24:28 | Create | Archer |
Match timeline
| 4:29 | Avila1997 · wall_segment Palisade Wall x4 |
| 4:30 | Avila1997 · wall_segment Palisade Wall x4 |
| 4:50 | Legend [LEG] · wall_segment Palisade Wall x4 |
| 5:06 | Tired Player · wall_segment Palisade Wall x1 |
| 5:06 | Tired Player · wall_segment Palisade Wall x1 |
| 5:07 | Tired Player · wall_segment Palisade Wall x1 |
| 5:33 | TRex · first_building Barracks |
| 5:35 | Legend [LEG] · wall_segment Palisade Wall x7 |
| 5:48 | Avila1997 · wall_segment Palisade Wall x1 |
| 5:50 | Avila1997 · wall_segment Palisade Wall x9 |
| 5:50 | Avila1997 · wall_segment Palisade Wall x2 |
| 6:02 | Tired Player · wall_segment Palisade Wall x3 |
| 6:19 | Legend [LEG] · wall_segment Palisade Wall x2 |
| 6:32 | Tired Player · wall_segment Palisade Wall x1 |
| 6:41 | Tired Player · wall_segment Palisade Wall x1 |
| 6:41 | Tired Player · wall_segment Palisade Wall x1 |
| 6:49 | Avila1997 · wall_segment Palisade Wall x6 |
| 6:57 | Tired Player · wall_segment Palisade Wall x1 |
| 6:59 | Legend [LEG] · wall_segment Palisade Wall x6 |
| 6:59 | Tired Player · wall_segment Palisade Wall x1 |
| 7:01 | Tired Player · wall_segment Palisade Wall x9 |
| 7:28 | Tired Player · wall_segment Palisade Wall x1 |
| 8:04 | King Hotuiti · first_building Barracks |
| 8:04 | Cinnamoroll · first_building Barracks |
| 8:08 | busy pushing deer · wall_segment Palisade Wall x1 |
| 8:11 | busy pushing deer · wall_segment Palisade Wall x1 |
| 8:11 | Avila1997 · first_building Barracks |
| 8:13 | busy pushing deer · wall_segment Palisade Wall x1 |
| 8:20 | busy pushing deer · wall_segment Palisade Wall x1 |
| 8:23 | busy pushing deer · wall_segment Palisade Wall x1 |
| 8:27 | busy pushing deer · wall_segment Palisade Wall x1 |
| 8:39 | Cris_1z · first_building Barracks |
| 8:52 | Cris_1z · age_up feudal |
| 9:15 | Cris_1z · first_building Stable |
| 9:19 | Avila1997 · age_up feudal |
| 9:28 | Cinnamoroll · wall_segment Palisade Wall x2 |
| 9:39 | busy pushing deer · first_building Barracks |
| 9:41 | Avila1997 · first_building Archery Range |
| 9:42 | King Hotuiti · age_up feudal |
| 9:45 | King Hotuiti · first_building Stable |
| 9:51 | King Hotuiti · wall_segment Palisade Wall x2 |
| 9:52 | Cinnamoroll · age_up feudal |
| 9:57 | Cinnamoroll · first_building Stable |
| 10:12 | Tired Player · wall_segment Palisade Wall x1 |
| 10:13 | Tired Player · wall_segment Palisade Wall x1 |
| 10:13 | King Hotuiti · wall_segment Palisade Wall x1 |
| 10:13 | busy pushing deer · wall_segment Palisade Wall x1 |
| 10:13 | Tired Player · wall_segment Palisade Wall x1 |
| 10:14 | King Hotuiti · wall_segment Palisade Wall x2 |
| 10:23 | Legend [LEG] · age_up feudal |
| 10:59 | busy pushing deer · age_up feudal |
| 11:09 | Tired Player · age_up feudal |
| 11:15 | Legend [LEG] · first_market_sell 100 stone |
| 11:30 | Legend [LEG] · wall_segment Palisade Wall x7 |
| 11:46 | Legend [LEG] · wall_segment Palisade Wall x2 |
| 11:51 | Legend [LEG] · wall_segment Palisade Wall x5 |
| 11:52 | busy pushing deer · wall_segment Palisade Wall x1 |
| 11:56 | Tired Player · first_market_sell 100 stone |
| 12:16 | Legend [LEG] · wall_segment Palisade Wall x2 |
| 12:40 | Legend [LEG] · wall_segment Palisade Wall x3 |
| 12:43 | Legend [LEG] · wall_segment Palisade Wall x1 |
| 12:43 | Legend [LEG] · wall_segment Palisade Wall x1 |
| 12:52 | busy pushing deer · first_building Archery Range |
| 12:59 | TRex · age_up feudal |
| 13:25 | busy pushing deer · wall_segment Palisade Wall x1 |
| 13:27 | busy pushing deer · wall_segment Palisade Wall x1 |
| 13:39 | Legend [LEG] · first_market_buy 100 stone |
| 14:12 | Tired Player · wall_segment Palisade Wall x1 |
| 14:20 | Tired Player · wall_segment Palisade Wall x1 |
| 14:22 | Tired Player · wall_segment Palisade Wall x1 |
| 14:22 | Legend [LEG] · age_up castle |
| 14:24 | Tired Player · wall_segment Palisade Wall x1 |
| 14:45 | Tired Player · age_up castle |
| 14:50 | Tired Player · first_building Castle |
| 15:14 | Legend [LEG] · first_building Castle |
| 16:19 | Cinnamoroll · wall_segment Palisade Wall x14 |
| 18:00 | Avila1997 · wall_segment Stone Wall x1 |
| 18:01 | Avila1997 · wall_segment Stone Wall x1 |
| 18:27 | Cris_1z · wall_segment Palisade Wall x1 |
| 18:29 | Cinnamoroll · first_market_buy 100 food |
| 18:29 | Cris_1z · wall_segment Palisade Wall x14 |
| 18:32 | TRex · tribute_sent a jugador 1 |
| 18:32 | TRex · tribute_sent a jugador 2 |
| 18:32 | TRex · tribute_sent a jugador 3 |
| 18:32 | TRex · tribute_sent a jugador 4 |
| 18:32 | TRex · tribute_sent a jugador 5 |
| 18:32 | TRex · tribute_sent a jugador 7 |
| 18:32 | TRex · tribute_sent a jugador 8 |
| 18:46 | Cris_1z · wall_segment Palisade Wall x6 |
| 18:47 | Avila1997 · wall_segment Stone Wall x1 |
| 18:48 | Avila1997 · wall_segment Stone Wall x1 |
| 18:50 | Cris_1z · wall_segment Palisade Wall x8 |
| 19:04 | Cris_1z · wall_segment Palisade Wall x1 |
| 19:09 | King Hotuiti · wall_segment Palisade Wall x1 |
| 19:10 | King Hotuiti · wall_segment Palisade Wall x1 |
| 19:11 | King Hotuiti · wall_segment Palisade Wall x1 |
| 19:13 | King Hotuiti · wall_segment Palisade Wall x3 |
| 19:55 | TRex · wall_segment Palisade Wall x2 |
| 19:56 | TRex · wall_segment Palisade Wall x1 |
| 20:09 | King Hotuiti · wall_segment Palisade Wall x1 |
| 20:11 | King Hotuiti · wall_segment Palisade Wall x2 |
| 20:17 | King Hotuiti · wall_segment Palisade Wall x1 |
| 20:19 | King Hotuiti · age_up castle |
| 20:21 | King Hotuiti · wall_segment Palisade Wall x1 |
| 20:25 | King Hotuiti · wall_segment Palisade Wall x1 |
| 20:27 | King Hotuiti · wall_segment Palisade Wall x1 |
| 20:33 | Legend [LEG] · first_building Siege Workshop |
| 21:25 | Tired Player · first_market_buy 100 food |
| 21:45 | Cinnamoroll · wall_segment Stone Wall x4 |
| 22:07 | TRex · tribute_sent a jugador 1 |
| 22:07 | TRex · tribute_sent a jugador 2 |
| 22:07 | TRex · tribute_sent a jugador 3 |
| 22:07 | TRex · tribute_sent a jugador 4 |
| 22:07 | TRex · tribute_sent a jugador 5 |
| 22:07 | TRex · tribute_sent a jugador 7 |
| 22:07 | TRex · tribute_sent a jugador 8 |
| 22:21 | Cinnamoroll · first_market_sell 100 wood |
| 22:33 | King Hotuiti · first_building Archery Range |
| 23:00 | King Hotuiti · wall_segment Palisade Wall x2 |
| 23:05 | Avila1997 · age_up castle |
| 23:33 | Cinnamoroll · wall_segment Stone Wall x1 |
| 23:38 | Cinnamoroll · wall_segment Stone Wall x1 |
| 23:40 | Cinnamoroll · wall_segment Stone Wall x1 |
| 24:02 | Cinnamoroll · wall_segment Stone Wall x1 |
| 24:15 | Cris_1z · age_up castle |
| 24:22 | King Hotuiti · first_building Siege Workshop |
| 24:35 | Cinnamoroll · first_building Archery Range |
| 24:50 | Tired Player · first_building Siege Workshop |
| 25:24 | TRex · wall_segment Palisade Wall x1 |
| 25:25 | TRex · wall_segment Palisade Wall x1 |
| 25:56 | TRex · wall_segment Palisade Wall x1 |
| 25:58 | TRex · wall_segment Palisade Wall x1 |
| 26:01 | TRex · wall_segment Palisade Wall x1 |
| 26:04 | Cinnamoroll · age_up castle |
| 26:09 | TRex · wall_segment Palisade Wall x1 |
| 26:41 | Tired Player · first_building Monastery |
| 26:43 | Avila1997 · first_building Siege Workshop |
| 26:49 | Legend [LEG] · first_building Monastery |
| 27:21 | Cinnamoroll · wall_segment Stone Wall x1 |
| 27:36 | King Hotuiti · wall_segment Palisade Wall x1 |
| 27:39 | King Hotuiti · wall_segment Palisade Wall x1 |
| 27:40 | King Hotuiti · wall_segment Palisade Wall x1 |
| 27:46 | Cinnamoroll · resign |
[ AI ANALYSIS · 1 CREDIT ]
What really happened in this match?
Wolo.gg analyzes every decision: build order, eco, micro, common mistakes by bracket. Personalized analysis on WhatsApp or Discord in 30 seconds.
Civ guide
Khitans
Perfil
Jugador #11157751